 Dungeon Sprint DCSS version 0.30.1-9-gdf580d7c3d (webtiles) character file.

Game seed: 44076808775689217

1985 Heoruswealwe the Impaler (level 9, -3/92 HPs)
             Began as a Minotaur Fighter on Oct 19, 2023.
             Was an Initiate of Gozag.
             Shot with an arrow by a centaur warrior (16 damage)
             ... in the Dungeon (Sprint IX: "|||||||||||||||||||||||||||||").
             The game lasted 00:03:03 (352 turns).

Heoruswealwe the Impaler (Minotaur Fighter)          Turns: 352, Time: 00:03:03

Health: -3/92      AC: 15    Str: 25    XL:     9   Next: 1%
Magic:  8/8        EV: 11    Int:  5    God:    Gozag
Gold:   594        SH:  0    Dex: 10    Spells: 8/8 levels left

rFire   . . .        b - +2 halberd (venom)
rCold   . . .        (shield currently unavailable)
rNeg    . . .        c - +1 chain mail
rPois   .            (helmet restricted)
rElec   .            (no cloak)
rCorr   .            (no gloves)
SInv    .            e - +0 pair of boots
Will    .....        (no amulet) Stlth
                     k - +2 ring of evasion
HPRegen 0.35/turn    (no ring)
MPRegen 0.11/turn

%: no teleportation
@: gold aura, slowed, very slow
A: horns 2, retaliatory headbutt
a: Renounce Religion, Potion Petition, Call Merchant, Bribe Branch


You were in the Dungeon.
You worshipped Gozag.
Gozag was pleased with you.
You visited 1 branch You collected 594 gold pieces.

Inventory:

Hand Weapons
 a - a +0 trident
 b - a +2 halberd of venom (weapon)
Armour
 c - a +1 chain mail (worn)
 d - a +0 buckler
 e - a +0 pair of boots (worn)
Jewellery
 k - a +2 ring of evasion (left hand)
Wands
 h - a wand of light (10)
Scrolls
 j - 2 scrolls of blinking
Potions
 g - a potion of haste
 i - a potion of berserk rage
 l - 5 potions of curing
 m - a potion of might


   Skills:
 + Level 12.6 Fighting
 * Level 16.9 Polearms
 + Level 12.6 Armour
 - Level 3.6 Shields


You had 8 spell levels left.
You didn't know any spells.
Your spell library was empty.

Dungeon Overview and Level Annotations

Branches:
Dungeon (1/1)

Altars:
Cheibriados
Dithmenos
Elyvilon
Fedhas
Gozag
Hepliaklqana
Kikubaaqudgha
Makhleb
Nemelex Xobeh
Okawaru
Qazlal
Ru
Sif Muna
Trog
Uskayaw
Vehumet
Wu Jian
Xom
Yredelemnul
Zin
The Shining One
Jiyva
Lugonu


Innate Abilities, Weirdness & Mutations

You have a pair of horns on your head.
You reflexively headbutt those who attack you in melee.


Message History

The wraith hits you but does no damage.
You puncture the wraith! Your headbutt misses the wraith.
The wraith is heavily damaged.
You hit the wraith but do no damage. Your headbutt misses the wraith.
The wraith is heavily damaged.
The wraith hits you. The wraith drains your vigour!
You feel yourself slow down.
You hit the wraith.
The wraith is severely damaged.
The wraith barely misses you.
You barely miss the wraith.
The wraith is severely damaged.
The wraith hits you! The wraith drains your vigour!
You feel as though you will be slow longer.
You hit the wraith.
The wraith is severely damaged.
The wraith hits you.
* * * LOW HITPOINT WARNING * * *
The wraith drains your vigour!
You feel as though you will be slow longer.
You hit the wraith. You headbutt the wraith.
The wraith is almost destroyed.
The wraith barely misses you. You furiously retaliate!
You headbutt the wraith.
You destroy the wraith!
The centaur warrior wields a +0 shortbow.
The centaur warrior shoots an arrow.
The arrow hits you!
* * * LOW HITPOINT WARNING * * *
You have reached level 9!
Your experience leads to an increase in your attributes!
Increase (S)trength, (I)ntelligence, or (D)exterity?
You feel stronger. x2
Reach: b) +2 halberd (venom)
Press: ? - help, Dir - move target, f - centaur warrior
Aim: a centaur warrior, wielding a +0 shortbow (about 26% to evade your +2 halberd of venom)
You reach to attack!
You hit the centaur warrior.
The centaur warrior is poisoned.
The centaur warrior is lightly wounded.
The centaur warrior shoots an arrow.
The arrow hits you!
You die...
Your body crumbles into a pile of gold.

▓.▓
$
▓.▓
▓'▓
$
▓[▓
▓)▓
$
▓)▓
$
▓)▓
$ $
▓.▓
$
▓@▓
$
▓$▓
▓c▓
▓{▓
▓.▓
▓.▓
▓.▓
▓.▓


You could see a centaur warrior (very poisoned).

Vanquished Creatures
  A two-headed ogre (D)
  A deep elf pyromancer (D)
  An efreet (D)
  A wraith (D)
  A yak (D)
  An acid dragon (D)
  A black bear (D)
  A centaur (D)
  A phantom (D)
  2 orc priests (D)
  An orc wizard (D)
  An adder (D)
  An ufetubus (D)
  An orc (D)
  A goblin (D)
  2 hobgoblins (D)
  A ball python (D)
  A kobold (D)
20 creatures vanquished.

Notes
Turn   | Place    | Note
-------+----------+-------------------------------------------
     0 | D        | Heoruswealwe the Minotaur Fighter began the quest for the
                  | Orb.
     0 | D        | Reached XP level 1. HP: 19/19 MP: 0/0
     6 | D        | Reached skill level 3 in Polearms
    29 | D        | Noticed a phantom
    29 | D        | Noticed a black bear
    32 | D        | Reached skill level 4 in Polearms
    32 | D        | Reached XP level 2. HP: 26/28 MP: 1/1
    33 | D        | Reached skill level 5 in Polearms
    41 | D        | Killed a phantom
    42 | D        | Reached skill level 7 in Polearms
    42 | D        | Reached XP level 3. HP: 27/38 MP: 2/2
    42 | D        | Reached XP level 4. HP: 31/45 MP: 3/3
    48 | D        | Killed a black bear
    49 | D        | Reached skill level 9 in Polearms
    49 | D        | Reached XP level 5. HP: 27/52 MP: 4/4
    55 | D        | Found a snail-covered altar of Cheibriados.
    55 | D        | Found a shadowy altar of Dithmenos.
    55 | D        | Found a white marble altar of Elyvilon.
    55 | D        | Found a blossoming altar of Fedhas.
    55 | D        | Found an opulent altar of Gozag.
    56 | D        | Found a hazy altar of Hepliaklqana.
    57 | D        | Found a viscous altar of Jiyva.
    58 | D        | Found an ancient bone altar of Kikubaaqudgha.
    59 | D        | Found a corrupted altar of Lugonu.
    60 | D        | Found a burning altar of Makhleb.
    61 | D        | Found a sparkling altar of Nemelex Xobeh.
    62 | D        | Found an iron altar of Okawaru.
    63 | D        | Became a worshipper of Gozag Ym Sagoz the Greedy
    64 | D        | Found a stormy altar of Qazlal.
    65 | D        | Found a sacrificial altar of Ru.
    66 | D        | Found a shimmering blue altar of Sif Muna.
    67 | D        | Found a bloodstained altar of Trog.
    68 | D        | Found a hide-covered altar of Uskayaw.
    69 | D        | Found a radiant altar of Vehumet.
    70 | D        | Found an ornate altar of the Wu Jian Council.
    71 | D        | Found a shimmering altar of Xom.
    72 | D        | Found a basalt altar of Yredelemnul.
    73 | D        | Found a glowing silver altar of Zin.
    74 | D        | Found a glowing golden altar of the Shining One.
   138 | D        | Noticed a yak
   138 | D        | Noticed a centaur
   138 | D        | Noticed a two-headed ogre
   141 | D        | Reached skill level 10 in Polearms
   146 | D        | Killed a yak
   147 | D        | Reached skill level 12 in Polearms
   147 | D        | Reached XP level 6. HP: 37/63 MP: 5/5
   152 | D        | Killed a two-headed ogre
   153 | D        | Reached skill level 14 in Polearms
   153 | D        | Reached XP level 7. HP: 25/74 MP: 6/6
   168 | D        | Reached XP level 8. HP: 32/82 MP: 7/7
   318 | D        | Noticed a deep elf pyromancer
   318 | D        | Noticed an efreet
   318 | D        | Noticed a centaur warrior
   325 | D        | Killed a deep elf pyromancer
   326 | D        | Reached skill level 15 in Polearms
   335 | D        | Killed an efreet
   336 | D        | Reached skill level 16 in Polearms
   352 | D        | Reached XP level 9. HP: 12/92 MP: 8/8
   352 | D        | Shot with an arrow by a centaur warrior

Illustrated notes

Levels and vault maps discovered:
D:        linesprint [early_d, line_temple, items_1, d_10, items_2, lair_1,
          lair_end, items_3, orc_1, orc_end, items_4, d_15, swamp_1, shoals_1,
          snake_1, spider_1, d_20, vaults_1, items_5, swamp_end, shoals_end,
          snake_end, spider_end, vaults_end, d_27, items_6, zot_1, zot_end,
          crypt_end, forest_end, elf_end, slime_end, tomb_end, abyss_end,
          pan_hell_end]

Skill      XL: |  1  2  3  4  5  6  7  8 |
---------------+-------------------------+-----
Polearms       | 4 7 9 12 14 16 | 16.9
Fighting       | 4 6 7 9 11 12 | 12.6
Armour         | 4 6 7 9 11 12 | 12.6
Shields        | |  3.6

Action                     |  1- 3 |  4- 6 |  7- 9 || total
---------------------------+-------+-------+-------++-------
  Melee: Trident           |    20 |     7 |       ||    27
         Headbutt          |     5 |     6 |     5 ||    16
         Halberd           |       |    11 |    45 ||    56
    Use: Potion            |       |     1 |     2 ||     3
 Armour: Scale mail        |     4 |     6 |       ||    10
         Chain mail        |       |       |    14 ||    14
  Dodge: Dodged            |     7 |     3 |    16 ||    26
  Block: Buckler           |     4 |     1 |       ||     5
